 Dungeon Crawl Stone Soup version 0.21.1-1-g345015f (webtiles) character file.

80 Folque the Magician (level 4, -3/30 HPs)
             Began as an Octopode Wizard on Mar 20, 2018.
             Slain by a gnoll
             ... wielding a +0 halberd
              (18 damage)
             ... on level 3 of the Dungeon.
             The game lasted 00:07:02 (2569 turns).

Folque the Magician (Octopode Wizard)               Turns: 2569, Time: 00:07:02

Health: -3/30      AC:  1    Str:  6    XL:     4   Next: 39%
Magic:  1/9        EV: 13    Int: 21    God:
Gold:   63         SH:  0    Dex: 10    Spells: 2/10 levels left

rFire    . . .     SeeInvis .   m - +4 quarterstaff (chaos)
rCold    . . .     Gourm    .   (shield currently unavailable)
rNeg     . . .     Faith    .   a - +0 hat
rPois    .         Spirit   .   (no amulet)
rElec    .         Reflect  .   (no ring)
rCorr    .         Harm     .   (no ring)
MR       .....                  (no ring)
Stlth    +++.......             (no ring)
HPRegen  0.10/turn              (no ring)
MPRegen  0.11/turn              (no ring)
                                (no ring)
                                (no ring)

@: very slightly contaminated
A: almost no armour, stealthy swim, amphibious, 8 rings, constrict 8, camouflage
1, gelatinous body 1
a: no special abilities


You were on level 3 of the Dungeon.
You were hungry.

You visited 1 branch of the dungeon, and saw 3 of its levels.

You collected 63 gold pieces.

Inventory:

Hand Weapons
 e - a +0 club
 l - a +0 spear
 m - a +4 quarterstaff of chaos (weapon)
Missiles
 d - 27 poisoned needles
Armour
 a - a +0 hat (worn)
Scrolls
 g - a scroll of blinking {unknown}
 h - a scroll of amnesia {unknown}
 j - a scroll of remove curse {unknown}
 k - 3 scrolls of identify {unknown}
 n - a scroll of immolation {unknown}
 o - a scroll of teleportation {unknown}
Potions
 f - 2 potions of mutation {unknown}
 p - a potion of agility {unknown}
Books
 b - a book of Minor Magic

   Spells                             Type                      Level
   a - Magic Dart                     Conjuration                  1
   b - Blink                          Translocation                2
   c - Call Imp                       Summoning                    2
   d - Slow                           Hexes                        2
   e - Conjure Flame                  Conjuration/Fire             3
   f - Mephitic Cloud                 Conjuration/Poison/Air       3
Comestibles
 c - 3 rations
 i - 2 chunks of flesh


   Skills:
 - Level 2.3 Fighting
 - Level 2.0 Dodging
 - Level 2.6 Stealth
 + Level 3.6 Spellcasting
 * Level 2.1 Conjurations
 - Level 1.0 Summonings
 - Level 1.0 Translocations


You had 2 spell levels left.
You knew the following spells:

 Your Spells              Type           Power        Failure   Level  Hunger
a - Magic Dart            Conj           ##..         4%          1    None
b - Call Imp              Summ           #.......     12%         2    ##.....
c - Blink                 Tloc           N/A          12%         2    ##.....
d - Mephitic Cloud        Conj/Pois/Air  #.......     28%         3    ###....


Dungeon Overview and Level Annotations

Branches:
Dungeon (3/15)

Altars:
Fedhas
Xom
Zin


Innate Abilities, Weirdness & Mutations

You cannot wear most types of armour.
You are very stealthy in the water. (Stealth+)
You are amphibious.
You can wear up to eight rings at the same time.
You can use your tentacles to constrict eight enemies at once.
Your skin changes colour to match your surroundings (Stealth+).
Your rubbery body absorbs attacks. (AC +1, EV +1)


Message History

The jackal appears confused.
The orc is engulfed in noxious fumes.
The orc appears confused.
The orc closely misses the jackal.
You're too confused to move!
You are engulfed in noxious fumes.
You choke on the stench!
You are more confused.
The jackal bites itself.
The orc is engulfed in noxious fumes.
The orc appears confused.
The orc hits something with a whip.
Your Conjurations skill increases to level 2!
You feel a bit more experienced.
That item cannot be evoked!
You're too confused to move!
The kobold throws a stone.
The stone barely misses you.
You feel less confused.
The jackal barely misses the orc.
The orc hits the jackal with a whip.
The jackal is killed!
You hit the gnoll. You burn the gnoll.
You kill the gnoll!
The gnoll hits you from afar with a halberd!!
Ouch! That really hurt!
You die...

#....# .# ... #.
#.#..##.# ## ## #>
#.......##..
####.#g..#.##.#
.)...#...#.##.#
###....?.....#
#.........#..#
.........gK#.h#####.#
##.#......gh.g)@....#
.........#†#.#(######
...#.......#.o†#
#####.?###.###.# ....
#.. ..# ##... ### #.#
#.. #.# #.# #.#


You could see 2 gnolls, an orc (confused), 2 jackals, a hobgoblin and a kobold.

Vanquished Creatures
  Crazy Yiuf (D:2)
  A gnoll (D:3)
  A dart slug (D:2)
  A leopard gecko (D:3)
  2 ball pythons
  5 goblins
  6 hobgoblins
  6 jackals
  A quokka (D:2)
  5 bats
  3 frilled lizards
  8 kobolds
  2 rats (D:1)
42 creatures vanquished.

Vanquished Creatures (collateral kills)
  An ooze (D:2)
  A goblin (D:2)
2 creatures vanquished.

Grand Total: 44 creatures vanquished

Notes
Turn   | Place    | Note
-------+----------+-------------------------------------------
     0 | D:1      | Folque the Octopode Wizard began the quest for the Orb.
     0 | D:1      | Reached XP level 1. HP: 11/11 MP: 4/4
   239 | D:1      | Reached skill level 1 in Fighting
   423 | D:1      | Reached XP level 2. HP: 18/18 MP: 6/6
  1151 | D:2      | Reached XP level 3. HP: 11/24 MP: 3/7
  1161 | D:2      | Learned a level 2 spell: Call Imp
  1164 | D:2      | Learned a level 2 spell: Blink
  1400 | D:2      | Found a glowing silver altar of Zin.
  1405 | D:2      | Noticed an angel
  1446 | D:2      | HP: 1/24 [goblin/sling bullet (4)]
  1791 | D:2      | Found a shimmering altar of Xom.
  1962 | D:2      | Found a runed door.
  1969 | D:2      | Learned a level 3 spell: Mephitic Cloud
  1970 | D:2      | Noticed Crazy Yiuf
  2002 | D:2      | Killed Crazy Yiuf
  2002 | D:2      | Reached XP level 4. HP: 30/30 MP: 5/9
  2202 | D:2      | Found a blossoming altar of Fedhas.
  2569 | D:3      | Slain by a gnoll

Skill      XL: |  1  2  3  4 |
---------------+-------------+-----
Fighting       | 1 2 |  2.3
Conjurations   | 2 |  2.1
Dodging        | |  2.0
Stealth        | |  2.6
Spellcasting   | |  3.6
Summonings     | |  1.0
Translocations | |  1.0

Action                   |  1- 3 |  4- 6 || total
-------------------------+-------+-------++-------
Melee: Club              |    59 |       ||    59
       Unarmed           |     4 |       ||     4
       Constrict         |    11 |     4 ||    15
       Tentacles         |     6 |     1 ||     7
       Spear             |     8 |       ||     8
       Quarterstaff      |       |    16 ||    16
 Cast: Magic Dart        |    23 |     8 ||    31
       Call Imp          |     4 |       ||     4
       Mephitic Cloud    |     1 |     2 ||     3
       Blink             |       |     1 ||     1
 Stab: Sleeping          |     5 |     2 ||     7
       Confused          |     1 |       ||     1
  Eat: Chunk             |     4 |     1 ||     5
Armor: Skin              |     8 |     5 ||    13
Dodge: Dodged            |    48 |    27 ||    75
